 Dungeon Crawl Stone Soup version 0.15.0-12-gccce430 (webtiles) character file.

191 ANDROIDp the Firebug (level 5, -5/38 HPs)
             Began as a Draconian Fire Elementalist on Sept 1, 2014.
             Was an Initiate of Vehumet.
             Slain by dadoka's ghost (14 damage)
             ... on Level 4 of the Dungeon.
             The game lasted 00:16:56 (3486 turns).

ANDROIDp the Firebug (Draconian Fire Elementalist)  Turns: 3486, Time: 00:16:56

HP  -5/38        AC 10     Str 11      XL: 5   Next: 41%
MP   1/13        EV 12     Int 16      God: Vehumet [......]
Gold 115         SH  0     Dex 11      Spells:  1 memorised, 11 levels left

rFire  . . .     SeeInvis .     o - +1 hammer (protect)
rCold  . . .     Clarity  .     (armour unavailable)
rNeg   . . .     rCorr    .     (no shield)
rPois  .         rRot     .     (helmet restricted)
rElec  .         Spirit   .     (no cloak)
SustAb .         Warding  .     (no gloves)
rMut   .         Stasis   .     (no boots)
Gourm  .                        (no amulet)
MR     .....                    (no ring)
                                (no ring)

@: very slightly contaminated, not resistant to hostile enchantments, unstealthy
A: unfitting armour, cold-blooded, AC +5
a: Renounce Religion


You were on level 4 of the Dungeon.
You worshipped Vehumet.
Vehumet was noncommittal.
You were very hungry.

You visited 2 branches of the dungeon, and saw 5 of its levels.

You collected 115 gold pieces.

Inventory:

Hand weapons
 e - a +0 dagger
 o - a +1 hammer of protection (weapon)
 q - a +0 dagger of holy wrath
Magical devices
 d - a wand of fire (12)
Comestibles
 c - 3 bread rations
 f - 2 meat rations
 g - 2 royal jellies
 h - 4 fruits
 j - a beef jerky
 k - a slice of pizza
Scrolls
 i - a scroll of fog
 n - a scroll of enchant armour
 p - a scroll of remove curse
 r - a scroll of recharging {unknown}
Jewellery
 a - a cursed ring of teleportation {unknown}
Potions
 l - 2 potions of curing
 m - a potion of restore abilities
 t - 2 potions of lignification {unknown}
Books
 b - a book of Flames

   Spells                             Type                      Level
   *Flame Tongue                      Conjuration/Fire             1
   Throw Flame                        Conjuration/Fire             2
   Conjure Flame                      Conjuration/Fire             3
   Inner Flame                        Hexes/Fire                   3
   Sticky Flame                       Conjuration/Fire             4
   Fireball                           Conjuration/Fire             5
 s - a book of Maledictions

   Spells                             Type                      Level
   Corona                             Hexes                        1
   Sure Blade                         Hexes/Charms                 2
   Ensorcelled Hibernation            Hexes/Ice                    2
   Confuse                            Hexes                        3
   Dazzling Spray                     Conjuration/Hexes            3
   Enslavement                        Hexes                        4


   Skills:
 - Level 1.7 Dodging
 - Level 1.7 Stealth
 + Level 4.0 Spellcasting
 - Level 1.0 Conjurations
 + Level 4.7 Fire Magic


You had 11 spell levels left.
You knew the following spells:

 Your Spells              Type           Power        Failure   Level  Hunger
a - Flame Tongue          Conj/Fire      ##...        8%          1    None


Dungeon Overview and Level Annotations

Branches:
Dungeon (4/15)             Temple (1/1) D:4

Altars:
Ashenzari
Cheibriados
Elyvilon
Fedhas
Kikubaaqudgha
Makhleb
Okawaru
Qazlal
Sif Muna
Vehumet
Xom
Zin
The Shining One

Annotations:
D:4 dadoka's ghost, average GrGl


Innate Abilities, Weirdness & Mutations

Your plain brown scales are hard (AC +5).
Your body does not fit into most forms of armour.
Your cold-blooded metabolism reacts poorly to cold.


Message History

Aiming: Flame Tongue
Press: ? - help, Shift-Dir - straight line, f/p - dadoka's ghost
Aim: dadoka's ghost (lightly damaged)
The flame tongue misses dadoka's ghost.
Dadoka's ghost misses you.
There is an open door here.
Casting: Flame Tongue
Confirm with . or Enter, or press ? or * to list all spells.
Aiming: Flame Tongue
Press: ? - help, Shift-Dir - straight line, f/p - dadoka's ghost
Aim: dadoka's ghost (lightly damaged)
The flame tongue hits dadoka's ghost.
Dadoka's ghost resists.
Dadoka's ghost is lightly damaged.
Dadoka's ghost hits you but does no damage.
Casting: Flame Tongue
Confirm with . or Enter, or press ? or * to list all spells.
Aiming: Flame Tongue
Press: ? - help, Shift-Dir - straight line, f/p - dadoka's ghost
Aim: dadoka's ghost (lightly damaged)
The flame tongue misses dadoka's ghost.
Dadoka's ghost hits you!
You die...

#..!.'......# ##'###.P...
##.#.#...... #...##.....
#.#.# ##'#######...##.#..#
.$#.# ..........##...>#
.###.############....#####.#
#% ##'#........ #....# #.# #
#.......# #....#####.#
#.....#.#### #..........#
#.....'.W@.# #........#.#
#.....#.##.# #.##.....#.#
#.....#.##.# #. #.....#.#
#.....#<##.# #. #.....#.#
##########.# #. #.....#.#
#.# #. ###(###.# #.# .
#(..(.. #.# #####.# #.# #.#


You could see dadoka's ghost.

Vanquished Creatures
  Terence (D:2)
  6 adders
  A giant mite (D:2)
  5 worms (D:2)
  2 oozes
  9 orcs (D:3)
  4 giant cockroaches
  7 goblins
  4 hobgoblins
  3 quokkas
  2 ball pythons (D:3)
  7 bats
  4 giant newts
  9 jackals (D:2)
  6 kobolds
  A kobold skeleton (D:4)
  11 rats
82 creatures vanquished.

Notes
Turn   | Place    | Note
--------------------------------------------------------------
     0 | D:1      | ANDROIDp, the Draconian Fire Elementalist, began the quest for the Orb.
     0 | D:1      | Reached XP level 1. HP: 14/14 MP: 3/3
   248 | D:1      | Reached XP level 2. HP: 18/20 MP: 3/5
   962 | D:2      | Reached XP level 3. HP: 7/26 MP: 1/6
  1260 | D:2      | Noticed Terence
  1319 | D:2      | Killed Terence
  1382 | D:2      | Reached skill level 4 in Fire Magic
  1403 | D:2      | Reached XP level 4. HP: 25/33 MP: 1/9
  2236 | D:3      | Reached XP level 5. HP: 38/38 MP: 2/12
  3185 | D:4      | Found a staircase to the Ecumenical Temple.
  3200 | Temple   | Entered the Ecumenical Temple
  3312 | Temple   | Became a worshipper of Vehumet
  3455 | D:4      | Noticed dadoka's ghost (average GrGl)
  3486 | D:4      | Slain by dadoka's ghost

Action                   |  1- 3 |  4- 6 || total
-------------------------+-------+-------++-------
Melee: Dagger            |    30 |    46 ||    76
       Unarmed           |     4 |       ||     4
 Cast: Flame Tongue      |    58 |   113 ||   171
Evoke: Wand              |       |     1 ||     1
  Use: Scroll            |     5 |     4 ||     9
       Potion            |       |     2 ||     2
 Stab: Sleeping          |       |     1 ||     1
  Eat: Chunk             |     2 |     5 ||     7
